 Dungeon Crawl Stone Soup version 0.21-a0-331-gfb491b4 (webtiles) character file.

12 Svalin the Grave Robber (level 2, -2/19 HPs)
             Began as a Human Necromancer on Oct 2, 2017.
             Slain by a hobgoblin
             ... wielding a +0 club
              (7 damage)
             ... on level 1 of the Dungeon.
             The game lasted 00:02:10 (696 turns).

Svalin the Grave Robber (Human Necromancer)          Turns: 696, Time: 00:02:11

Health: -2/19      AC:  2    Str:  8    XL:     2   Next: 45%
Magic:  5/5        EV: 12    Int: 15    God:
Gold:   37         SH:  0    Dex: 13    Spells: 3/5 levels left

rFire    . . .     SeeInvis .   d - +0 club
rCold    . . .     Gourm    .   (no shield)
rNeg     . . .     Faith    .   a - +0 robe
rPois    .         Spirit   .   (no helmet)
rElec    .         Reflect  .   (no cloak)
rCorr    .         Harm     .   (no gloves)
MR       .....                  (no boots)
Stlth    ++........             (no amulet)
HPRegen  0.06/turn              (no ring)
MPRegen  0.09/turn              (no ring)

@: no status effects
A: no striking features
a: no special abilities


You were on level 1 of the Dungeon.
You were not hungry.

You visited 1 branch of the dungeon, and saw 1 of its levels.

You collected 37 gold pieces.

Inventory:

Hand Weapons
 d - a +0 club (weapon)
Armour
 a - a +0 robe (worn)
Scrolls
 e - 2 scrolls of identify {unknown}
 g - 2 scrolls of enchant armour {unknown}
 h - a scroll of fog {unknown}
Books
 b - a book of Necromancy

   Spells                             Type                      Level
   a - Pain                           Necromancy                   1
   b - Animate Skeleton               Necromancy                   1
   c - Vampiric Draining              Necromancy                   3
   d - Regeneration                   Charms/Necromancy            3
   e - Animate Dead                   Necromancy                   4
   f - Control Undead                 Necromancy                   4
Comestibles
 c - a bread ration


   Skills:
 - Level 2.0 Dodging
 - Level 2.0 Stealth
 - Level 2.0 Spellcasting
 + Level 4.5 Necromancy


You had 3 spell levels left.
You knew the following spells:

 Your Spells              Type           Power        Failure   Level  Hunger
a - Pain                  Necr           ###.         3%          1    #......
b - Animate Skeleton      Necr           N/A          3%          1    #......


Dungeon Overview and Level Annotations

Branches:
Dungeon (1/15)

Altars:


Message History

The hobgoblin hits you but does no damage.
The hobgoblin hits you but does no damage.
The hobgoblin barely misses you. The hobgoblin barely misses you.
The hobgoblin barely misses you. The hobgoblin closely misses you.
The hobgoblin hits you with a club. The hobgoblin misses you.
The hobgoblin hits you but does no damage.
The hobgoblin closely misses you. The hobgoblin misses you.
The hobgoblin hits you with a club.
* * * LOW HITPOINT WARNING * * *
The hobgoblin closely misses you.
The hobgoblin hits you but does no damage.
The hobgoblin barely misses you.
The hobgoblin hits you but does no damage.
The hobgoblin barely misses you. The hobgoblin hits you with a club!
You die...

.....#.......(..###
######............#
#≈##≈##........##.#
≈P≈≈P≈##.......##.##
P8PP8P≈#...........#
≈P..P.##........####
≈≈<......#.###..#
≈♣..P.####.# #.g##
♣8♣P8P≈# #.# #..@#
≈♣≈≈P≈## #.# #.#.#
#≈##≈### #.###.#.#
######.###.....#.#
.......##...####.#
#......##...####.#####
.......######........#
#....................#
#......######........#


You could see a hobgoblin.

Vanquished Creatures
  3 bats (D:1)
  2 goblins (D:1)
  2 rats (D:1)
7 creatures vanquished.

Vanquished Creatures (collateral kills)
  An ooze (D:1)
  A dart slug (D:1)
  A leopard gecko (D:1)
3 creatures vanquished.

Vanquished Creatures (others)
  4 toadstools (D:1)
4 creatures vanquished.

Grand Total: 14 creatures vanquished

Notes
Turn   | Place    | Note
-------+----------+-------------------------------------------
     0 | D:1      | Svalin the Human Necromancer began the quest for the Orb.
     0 | D:1      | Reached XP level 1. HP: 13/13 MP: 3/3
   128 | D:1      | Learned a level 1 spell: Animate Skeleton
   341 | D:1      | Reached XP level 2. HP: 17/19 MP: 5/5
   696 | D:1      | Slain by a hobgoblin

Vault maps used:
D:1:      ldierk_walled_garden_2

Action                   || total
-------------------------++-------
Melee: Club              ||    40
       Unarmed           ||     1
 Cast: Animate Skeleton  ||     2
       Pain              ||     1
 Stab: Sleeping          ||     1
Armor: Robe              ||    18
Dodge: Dodged            ||    62

Table legend:
 A = Spawn XP
 B = Non-spawn XP
 C = Spawn XP percentage of total XP
 D = Spawn monster count
 E = Non-spawn monster count
 F = Spawn count percentage of total count
 G = Total turns spent on level
                    A         B        C        D         E        F      G
               +---------+---------+-------+---------+---------+-------+---------
         Total |       0 |      18 |   0.0 |       0 |      10 |   0.0 |   696
               +---------+---------+-------+---------+---------+-------+---------
           D:1 |       0 |      18 |   0.0 |       0 |      10 |   0.0 |   696
               +---------+---------+-------+---------+---------+-------+---------
